 Dungeon Crawl Stone Soup version 0.24-a0-784-g601f8f6d22 (webtiles) character file.

Game seed: 2835592909210843306, levelgen mode: deterministic

747154 Engwar the Slayer (level 27, -1/242 HPs)
             Began as a Naga Berserker on Oct 4, 2019.
             Was the Champion of the Shining One.
             Slain by a doom hound (9 damage)
             ... in the Vestibule of Hell on Oct 9, 2019.
             The game lasted 06:28:51 (77573 turns).

Engwar the Slayer (Naga Berserker)                 Turns: 77573, Time: 06:28:51

Health: -1/242     AC: 39    Str: 21    XL:     27
Magic:  19/33      EV: 16    Int: 21    God:    the Shining One [******]
Gold:   5725       SH: 22    Dex: 10    Spells: 9/40 levels left

rFire    + . .     SeeInvis +   H - +9 eveningstar (holy)
rCold    + + .     Gourm    .   S - +2 large shield of Kenoun {rElec rF+ MR- Regen+}
rNeg     + + +     Faith    .   F - +5 faerie dragon scales {rPois rCorr}
rPois    +         Spirit   .   P - +2 hat {MR+}
rElec    +         Reflect  .   D - scarf {repulsion}
rCorr    +         Harm     .   p - +2 pair of gloves
MR       ++++.                  I - +4 naga barding {rC+}
Stlth    +.........             U - amulet of Vitality {Regen+ HP+15}
HPRegen  1.30/turn              W - +4 ring of slaying
MPRegen  0.23/turn              L - ring of Qoatyqeg {rElec rC+ Int+7 Stlth-}

@: glowing, repel missiles, very slow
A: large, see invisible, clumsy 1, deformed body, frail 2, magic resistance 1,
poison resistance, slowness 2, slow metabolism 1, spit poison 1, weak 2, no
potion heal 1, constrict 1, AC +9
}: 4/15 runes: barnacled, slimy, silver, gossamer
a: Spit Poison, Divine Shield, Cleansing Flame, Summon Divine Warrior, Renounce
Religion


You were in the Vestibule of Hell.
You worshipped the Shining One.
The Shining One was exalted by your worship.
You were not hungry.

You visited 13 branches of the dungeon, and saw 65 of its levels.
You visited the Abyss 1 time.
You also visited: Sewer, Ossuary, Bailey and Desolation.

You collected 9225 gold pieces.
You spent 3500 gold pieces at shops.

Inventory:

Hand Weapons
 v - a +3 antimagic eveningstar
 H - a +9 eveningstar of holy wrath (weapon)
Missiles
 a - 24 javelins (quivered)
Armour
 o - the +0 helmet "Geivaziu" {rElec rN++ MR- Dex+2}
   (You found it on level 1 of the Realm of Zot)

   It affects your dexterity (+2).
   It insulates you from electricity.
   It greatly protects you from negative energy.
   It affects your resistance to hostile enchantments.
 p - a +2 pair of gloves (worn)
 x - +0 gold dragon scales
 D - a scarf of repulsion (worn)
 F - the +5 faerie dragon scales (worn) {rPois rCorr}
   (You took it off the Enchantress on level 3 of the Depths)

   It protects you from poison.
   It provides partial protection from all sources of acid and corrosion.
 G - the +7 plate armour "Fuzxac" {rF+ Regen+ Str+4 Dex+3}
   (You bought it in a shop on level 2 of the Orcish Mines)

   It affects your strength (+4).
   It affects your dexterity (+3).
   It protects you from fire.
   It increases your rate of regeneration.
 I - a +4 naga barding of cold resistance (worn)
 P - a +2 hat of magic resistance (worn)
 S - the +2 large shield of Kenoun (worn) {rElec rF+ MR- Regen+}
   (You bought it in a shop on level 2 of the Orcish Mines)

   It protects you from fire.
   It insulates you from electricity.
   It affects your resistance to hostile enchantments.
   It increases your rate of regeneration.
Jewellery
 b - an uncursed ring of protection from magic
 L - the ring of Qoatyqeg (right hand) {rElec rC+ Int+7 Stlth-}
   (You found it on level 3 of the Elven Halls)

   [ring of protection from cold]

   It affects your intelligence (+7).
   It protects you from cold.
   It insulates you from electricity.
   It makes you less stealthy.
 R - an uncursed ring of positive energy
 T - the ring "Uppot" {+Inv rF+ MP+9 Str+3}
   (You took it off a servant of whispers in the Desolation of Salt)

   [ring of protection from fire]

   It affects your strength (+3).
   It protects you from fire.
   It affects your magic capacity (+9).
   It lets you turn invisible.
 U - the amulet of Vitality (around neck) {Regen+ HP+15}
   (You took it off a deep elf mage on level 5 of the Vaults)

   [amulet of regeneration]

   It affects your health (+15).
   It increases your rate of regeneration.
 W - a +4 ring of slaying (left hand)
 X - the ring of the Mage {Wiz MR++ Int+3}
   (You took it off a yellow draconian on level 3 of the Realm of Zot)

   [ring of wizardry]

   It improves your spell success rate.
   It affects your intelligence (+3).
   It affects your resistance to hostile enchantments.
Wands
 h - a wand of acid (40)
 A - a wand of digging (22)
 K - a wand of paralysis (50)
 Z - a wand of scattershot (12)
Scrolls
 j - a scroll of silence
 k - a scroll of amnesia
 m - 34 scrolls of identify
 n - 4 scrolls of fear
 q - 25 scrolls of remove curse
 s - 6 scrolls of teleportation
 y - 3 scrolls of enchant armour
 C - 7 scrolls of magic mapping
 J - 4 scrolls of holy word
 M - 6 scrolls of fog
 Q - a scroll of summoning
Potions
 d - 7 potions of haste
 e - a potion of berserk rage
 g - 15 potions of might
 i - 13 potions of curing
 l - 4 potions of cancellation
 t - 13 potions of mutation
 u - 6 potions of flight
 z - 10 potions of magic
 E - 3 potions of resistance
 N - 8 potions of agility
 O - a potion of ambrosia
Miscellaneous
 f - 3 boxes of beasts
 w - a phial of floods
Comestibles
 c - 56 rations


   Skills:
 - Level 23.8 Fighting
 - Level 16.0 Maces & Flails
 - Level 4.0 Throwing
 - Level 20.0 Armour
 - Level 20.0 Dodging
 - Level 10.0 Stealth
 - Level 15.0 Shields
 - Level 7.0 Spellcasting
 - Level 4.1 Conjurations
 - Level 12.1 Charms
 - Level 5.0 Translocations
 + Level 13.7 Air Magic
 - Level 14.0 Invocations
 - Level 12.0 Evocations


You had 9 spell levels left.
You knew the following spells:

 Your Spells              Type           Power        Failure   Level  Hunger
a - Apportation           Tloc           ####..       1%          1    None
b - Magic Dart            Conj           ###.         1%          1    None
c - Blink                 Tloc           N/A          1%          2    None
d - Swiftness             Chrm/Air       ######..     1%          2    None
e - Darkness              Hex            #.........   100%        6    ######.
f - Deflect Missiles      Chrm/Air       ######....   8%          6    ######.
g - Airstrike             Air            ######....   1%          4    ###....
h - Tornado               Air            ######....   100%        9    #######

Your spell library contained the following spells:

 Spells                   Type           Power        Failure   Level  Hunger
 Infusion                 Chrm           ####         1%          1    None
 Shock                    Conj/Air       ####         1%          1    None
 Poisonous Vapours        Pois/Air       #####.       1%          2    None
 Shroud of Golubria       Chrm/Tloc      #####.       1%          2    None
 Song of Slaying          Chrm           ######..     1%          2    None
 Static Discharge         Conj/Air       #####...     1%          3    #......
 Searing Ray              Conj           ###...       2%          2    None
 Mephitic Cloud           Conj/Pois/Air  ####....     2%          3    #......
 Ozocubu's Armour         Chrm/Ice       ####....     2%          3    #......
 Regeneration             Chrm/Necr      ####......   2%          3    #......
 Spectral Weapon          Hex/Chrm       ####....     2%          3    #......
 Gell's Gravitas          Tloc           ####......   3%          3    #......
 Lesser Beckoning         Tloc           ####......   3%          3    #......
 Flame Tongue             Conj/Fire      ###..        4%          1    None
 Summon Lightning Spire   Summ/Air       #####...     6%          4    ###....
 Throw Flame              Conj/Fire      ###...       7%          2    None
 Lightning Bolt           Conj/Air       #####.....   7%          5    #####..
 Animate Skeleton         Necr           N/A          10%         1    None
 Beastly Appendage        Tmut           #.....       10%         1    None
 Corona                   Hex            #......      10%         1    None
 Pain                     Necr           #...         10%         1    None
 Summon Small Mammal      Summ           #...         10%         1    None
 Iskenderun's Battlesphe  Conj/Chrm      #####...     10%         5    #####..
 Portal Projectile        Hex/Tloc       ###...       11%         3    #......
 Recall                   Summ/Tloc      N/A          11%         3    #......
 Conjure Flame            Conj/Fire      ###.....     13%         3    #......
 Dazzling Spray           Conj/Hex       ###...       13%         3    #......
 Stone Arrow              Conj/Erth      ###...       13%         3    #......
 Passage of Golubria      Tloc           N/A          13%         4    ###....
 Call Imp                 Summ           #.......     16%         2    None
 Corpse Rot               Necr           N/A          16%         2    None
 Ensorcelled Hibernation  Hex/Ice        #.....       16%         2    None
 Passwall                 Tmut/Erth      #.......     16%         2    None
 Slow                     Hex            #.......     16%         2    None
 Sublimation of Blood     Necr           #.........   16%         2    None
 Force Lance              Conj/Tloc      ####....     16%         4    ###....
 Silence                  Hex/Air        #####.....   17%         5    #####..
 Iskenderun's Mystic Bla  Conj           ###.....     19%         4    ###....
 Excruciating Wounds      Chrm/Necr      ####......   24%         5    #####..
 Call Canine Familiar     Summ           #.......     30%         3    #......
 Ignite Poison            Fire/Tmut/Pois #.......     30%         3    #......
 Inner Flame              Hex/Fire       #.......     30%         3    #......
 Spider Form              Tmut/Pois      #.........   30%         3    #......
 Summon Guardian Golem    Hex/Summ       #.......     30%         3    #......
 Fulminant Prism          Conj/Hex       ###.......   41%         4    ###....
 Sticky Flame             Conj/Fire      ###.....     41%         4    ###....
 Animate Dead             Necr           N/A          69%         4    ###....
 Cause Fear               Hex            #.........   69%         4    ###....
 Ice Form                 Ice/Tmut       #.......     69%         4    ###....
 Leda's Liquefaction      Hex/Erth       #.........   69%         4    ###....
 Olgreb's Toxic Radiance  Pois           #.......     69%         4    ###....
 Petrify                  Tmut/Erth      #.......     69%         4    ###....
 Summon Ice Beast         Ice/Summ       #.......     69%         4    ###....
 Summon Forest            Summ/Tloc      ###.......   69%         5    #####..
 Fireball                 Conj/Fire      ###.......   77%         5    #####..
 Irradiate                Conj/Tmut      ###.......   77%         5    #####..
 Venom Bolt               Conj/Pois      ###.......   77%         5    #####..
 Freezing Cloud           Conj/Ice/Air   ####......   80%         6    ######.
 Bolt of Magma            Conj/Fire/Erth ##........   85%         5    #####..
 Alistair's Intoxication  Tmut/Pois      #.......     95%         5    #####..
 Borgnjor's Vile Clutch   Necr/Erth      #.........   95%         5    #####..
 Lee's Rapid Deconstruct  Erth           #.........   95%         5    #####..
 Bolt of Fire             Conj/Fire      ###.......   100%        6    ######.
 Death Channel            Necr           #.........   100%        6    ######.
 Hydra Form               Tmut           #.........   100%        6    ######.
 Invisibility             Hex            #.......     100%        6    ######.
 Iron Shot                Conj/Erth      ###.......   100%        6    ######.
 Poison Arrow             Conj/Pois      ###.......   100%        6    ######.
 Simulacrum               Ice/Necr       #.........   100%        6    ######.
 Statue Form              Tmut/Erth      #........    100%        6    ######.
 Dragon Form              Tmut           #.........   100%        7    #######
 Haunt                    Necr/Summ      #.........   100%        7    #######
 Malign Gateway           Summ/Tloc      ###.......   100%        7    #######
 Monstrous Menagerie      Summ           #.........   100%        7    #######
 Orb of Destruction       Conj           ###.......   100%        7    #######
 Ring of Flames           Chrm/Fire      ####......   100%        7    #######
 Spellforged Servitor     Conj/Summ      ###.......   100%        7    #######
 Summon Greater Demon     Summ           #.........   100%        7    #######
 Summon Hydra             Summ           #.........   100%        7    #######
 Borgnjor's Revivificati  Necr           #.........   100%        8    #######
 Chain Lightning          Conj/Air       #####.....   100%        8    #######
 Death's Door             Chrm/Necr      ####......   100%        8    #######
 Disjunction              Tloc           ####......   100%        8    #######
 Ignition                 Fire           #.........   100%        8    #######
 Infestation              Necr           #.........   100%        8    #######
 Lehudib's Crystal Spear  Conj/Erth      ###.......   100%        8    #######
 Necromutation            Tmut/Necr      #.........   100%        8    #######
 Summon Horrible Things   Summ           #.........   100%        8    #######
 Dragon's Call            Summ           #.........   100%        9    #######
 Fire Storm               Conj/Fire      ###.......   100%        9    #######
 Glaciate                 Conj/Ice       ###.......   100%        9    #######
 Shatter                  Erth           #.........   100%        9    #######


Dungeon Overview and Level Annotations

Branches:
Dungeon (15/15)            Temple (0/1) D:7            Lair (6/6) D:8
 Shoals (4/4) Lair:2       Spider (4/4) Lair:3        Slime (5/5) Lair:5
    Orc (2/2) D:10            Elf (3/3) Orc:2        Vaults (5/5) D:13
  Crypt (3/3) Vaults:3       Tomb (0/3) Crypt:3      Depths (5/5) D:15
   Hell (1/1)                 Dis (0/7) Hell            Geh (0/7) Hell
    Coc (0/7) Hell            Tar (7/7) Hell            Zot (5/5) Depths:5
  Sewer (visited)         Ossuary (visited)          Bailey (visited)
Desolation (visited)

Altars:
Ashenzari
Cheibriados
Dithmenos
Fedhas
Gozag
Makhleb
Okawaru
Ru
Vehumet
Xom
Yredelemnul
The Shining One
Beogh
Jiyva
Lugonu

Shops:
D:4 =   D:5 [   D:6 }   D:11 [   D:12 :   Orc:2 *([=[   Elf:1 }=}   Elf:2 =
Shoals:1 ?   Shoals:3 ?   Vaults:4 :

Portals:
Hell: Depths:1 Depths:2 Depths:3 Depths:4 Depths:5
Abyss: Depths:3 Depths:4 Depths:5
Pandemonium: Depths:3
Ziggurat: Depths:2
Trove: D:12 (give 7 potions of haste)

Annotations:
D:12 3 runed translucent doors
Lair:6 3 runed translucent doors, Muicuott's ghost, journeyman DrCj
Spider:2 1 runed translucent door, mistymad's ghost, adept GnWn
Elf:1 3 runed translucent doors, Lales's ghost, adept DDFi


Innate Abilities, Weirdness & Mutations

You cannot wear boots.
Your serpentine skin is tough. (AC +9)
You have supernaturally acute eyesight. (SInv)
Armour fits poorly on your strangely shaped body.
Your system is resistant to poisons. (rPois)
You cover ground very slowly.
You have a slow metabolism.
You can spit poison.
You can use your snake-like lower body to constrict enemies.
You are clumsy. (Dex -2)
You are very frail. (-20% HP)
You are resistant to hostile enchantments. (MR+)
You are very weak. (Str -4)
Potions are less effective at restoring your health.


Message History

You feel somewhat more hungry. The doom hound bites you.
* * * LOW HITPOINT WARNING * * *
The doom hound barely misses you.
Your system partially rejects the healing.
You feel better. The doom hound completely misses you.
The doom hound claws you but does no damage.
The doom hound bites you!! The Shining One protects you from harm!
The doom hound claws you.
* * * LOW HITPOINT WARNING * * *
Your daeva hits the doom hound with a +2 eudemon blade of holy wrath!!
The doom hound convulses.
Your daeva hits the doom hound but does no damage.
Unknown command.
Unknown command.
You barely miss the doom hound. You grab the doom hound.
The doom hound is severely wounded.
You constrict the doom hound. You block the doom hound's attack.
The doom hound claws you!
You die...

...............#'#...............
.............#.#.#.#.............
.............###.###.............
...........####...####...........
...........####...####...........
.........####.#...#.####.........
....)....####.#.))#.####.........
.......####...##'##...####.......
.......###......@......###.......
.....####.......h.......####.....
...#'###......#.A[#......###)#...
..##..#.....#..)∩...#....†#.)##..
.###.))........))[.......††..###.
## ########################### ##


You could see a doom hound and a friendly daeva.

Vanquished Creatures
  the Royal Jelly (Slime:5)
  8 ancient liches
  Mara (Elf:3)
  2 orbs of fire
  A Killer Klown (Zot:5)
  Bai Suzhen (Vaults:5)
  Margery (Depths:5)
  A curse toe (Zot:3)
  Geryon (Hell)
  8 golden dragons
  the Enchantress (Depths:3)
  13 bone dragons
  29 large abominations
  9 Tzitzimimeh
  2 electric golems
  A hellephant (Hell)
  6 liches
  10 tentacled monstrosities
  5 doom hounds
  2 deep elf master archers (Elf:3)
  7 Orb Guardians (Zot:5)
  5 deep elf blademasters
  9 titans
  Murray (Hell)
  Gastronok (D:9)
  4 quicksilver dragons
  8 tentacled starspawn
  2 eldritch tentacles
  15 acid blobs
  A kraken (Shoals:2)
  5 ancient champions
  7 sphinxes
  3 death cobs
  Kirke (Lair:3)
  8 storm dragons
  14 azure jellies
  Roxanne (Spider:1)
  10 shadow dragons
  5 tengu reavers (Vaults:5)
  4 revenants
  3 daevas
  12 fire giants
  A fire giant (shapeshifter) (Vaults:4)
  7 draconian knights
  12 deep elf sorcerers
  An orc warlord (Elf:3)
  12 vault wardens
  3 curse skulls
  A ghost moth (shapeshifter) (Vaults:5)
  A juggernaut zombie (Depths:1)
  7 ghost moths
  6 iron dragons
  An angel (Depths:4)
  A balrug (Hell)
  4 emperor scorpions
  8 draconian scorchers
  14 frost giants
  10 draconian shifters
  9 ghouls
  An imperial myrmidon (Desolation)
  3 deep elf elementalists (Elf:3)
  Louise (Elf:2)
  A cacodemon (Abyss:5)
  A draconian stormcaller (Zot:2)
  2 war gargoyles (Vaults:5)
  5 spriggan defenders
  11 draconian annihilators
  Aizul (Lair:3)
  28 very ugly things
  12 reapers
  A juggernaut skeleton (Crypt:1)
  20 ironheart preservers
  6 vampire knights
  6 entropy weavers
  11 deep elf demonologists
  28 stone giants
  6 black draconians
  8 green draconians
  12 deep elf annihilators
  10 spark wasps
  2 halazid warlocks (Desolation)
  2 eidola (Crypt:2)
  3 red draconians
  15 white draconians
  9 yellow draconians
  4 purple draconians
  A green death (Abyss:4)
  19 ettins
  4 blizzard demons
  3 crystal guardians (Desolation)
  11 deep elf death magi
  5 death oozes (Slime:5)
  12 jiangshi
  8 merfolk impalers
  16 great orbs of eyes
  A quicksilver dragon zombie (Tar:6)
  23 small abominations
  Josephine (Orc:2)
  5 ogre magi
  The ghost of Etrirghui the Fighter, a journeyman DrMo of Ru (D:11)
  18 fire dragons
  Harold (D:9)
  14 yaktaur captains
  29 vault guards
  6 ragged hierophants (Desolation)
  11 deep elf high priests
  16 ice dragons
  8 rakshasas
  Fannar (D:10)
  A quicksilver dragon skeleton (Crypt:3)
  2 ghost crabs (Tar:4)
  4 hydras
  5 servants of whispers (Desolation)
  3 merfolk avatars
  6 spriggan air magi
  13 peacekeepers
  9 centaur warriors
  6 death knights
  4 merfolk aquamancers
  An alligator snapping turtle (Shoals:4)
  24 two-headed ogres
  27 dancing weapons
  3 satyrs
  5 tengu warriors
  5 hell hogs
  6 deep troll earth magi
  11 vampire magi
  7 deep troll shamans
  17 hell knights
  9 spriggan berserkers
  6 orc high priests
  3 iron golems (Hell)
  28 deep elf knights
  7 soul eaters
  11 thrashing horrors
  5 sun demons (Hell)
  4 sixfirhies
  12 wretched stars
  3 titan skeletons
  A salamander mystic (Depths:3)
  6 shadow wraiths
  A death drake (shapeshifter) (Depths:4)
  2 death drakes
  10 iron trolls
  84 skeletal warriors
  4 storm dragon skeletons
  7 sea snakes
  A deep troll (shapeshifter) (Depths:1)
  An anaconda zombie (Tar:6)
  4 unseen horrors
  4 flayed ghosts
  4 wizards
  3 spatial maelstroms
  5 glowing orange brains
  34 deep trolls
  6 shadow demons
  15 phantasmal warriors
  22 deep elf archers
  3 anaconda skeletons
  Pikel (D:6)
  31 orc knights
  A golden dragon skeleton (Crypt:1)
  A wolf spider zombie (Hell)
  2 harpies (shapeshifter)
  7 necromancers
  18 orb spiders
  9 harpies
  4 shining eyes
  2 shadow dragon zombies
  21 ironbrand convokers
  A cyclops (shapeshifter) (Elf:3)
  34 cyclopes
  58 deep elf magi
  28 wolf spiders
  A tengu skeleton (Depths:1)
  3 shadow dragon skeletons (Crypt:3)
  A fire giant zombie (Crypt:1)
  A frost giant zombie (Tar:2)
  2 stone giant zombies
  14 fauns
  46 ugly things
  10 orc sorcerers
  4 stone giant skeletons
  A faun (shapeshifter) (Vaults:5)
  4 worldbinders
  15 manticores
  3 fire giant skeletons
  2 salamanders (Depths:3)
  An iron dragon skeleton (Tar:5)
  6 water nymphs
  3 frost giant skeletons
  2 dire elephant zombies (Tar:4)
  5 black mambas
  A water nymph (shapeshifter) (Depths:3)
  3 elephants (Lair:5)
  A guardian serpent (shapeshifter) (Elf:3)
  5 rust devils (Hell)
  20 moths of wrath
  7 merfolk sirens
  3 ice statues
  14 vault sentinels
  4 apocalypse crabs
  A molten gargoyle (Desolation)
  3 guardian serpents (Desolation)
  5 orange demons
  8 centaur skeletons
  A titan simulacrum (Tar:5)
  4 smoke demons
  An eye of devastation (Slime:1)
  5 komodo dragons
  A pale draconian zombie (Crypt:3)
  2 rime drakes
  A shock serpent skeleton (Crypt:3)
  21 spiny frogs
  A rime drake (shapeshifter) (Vaults:1)
  An alligator snapping turtle skeleton (Crypt:1)
  6 efreet
  4 dire elephant skeletons
  A yaktaur (shapeshifter) (Depths:1)
  A purple draconian zombie (Crypt:1)
  78 yaktaurs
  5 red devils (Hell)
  A black draconian zombie (Crypt:1)
  A spriggan skeleton (Depths:1)
  A guardian mummy (Crypt:3)
  12 freezing wraiths
  A hellwing (Abyss:2)
  2 tormentors
  12 ancient zymes
  A death yak skeleton (Crypt:3)
  A purple draconian skeleton (Crypt:3)
  A hydra zombie (Tar:4)
  2 catoblepas skeletons
  14 demonic crawlers
  A tengu conjurer (D:15)
  A pale draconian skeleton (Crypt:1)
  3 meliai (Lair:5)
  2 harpy zombies
  4 ice devils
  18 merfolk
  A silent spectre (Abyss:1)
  4 wind drakes
  31 jumping spiders
  A meliai (shapeshifter) (Vaults:5)
  A merfolk (shapeshifter) (Vaults:5)
  14 trolls
  A jumping spider (shapeshifter) (Zot:3)
  A queen bee (Lair:5)
  9 polar bears
  57 slime creatures
  3 alligator zombies
  59 saltlings
  19 blink frogs
  5 hydra skeletons
  A troll (shapeshifter) (Vaults:1)
  22 hornets
  4 bog bodies
  An ettin zombie (Depths:1)
  9 tyrant leeches
  10 raiju
  3 ice dragon zombies
  6 snapping turtles
  3 blink frogs (shapeshifter)
  A hippogriff (shapeshifter) (Elf:1)
  15 hippogriffs
  A fire giant simulacrum (Depths:1)
  27 flying skulls
  Sigmund (D:4)
  4 shadows
  3 fire dragon skeletons
  9 spriggans
  3 wyverns (D:11)
  13 water elementals
  3 air elementals
  3 ettin skeletons
  A vampire (D:14)
  2 alligator skeletons
  50 redbacks
  2 hogs (Spider:1)
  23 tarantellas
  A tarantella (shapeshifter) (Depths:5)
  4 ynoxinuls
  5 fire elementals
  A hog (shapeshifter) (D:14)
  29 wraiths
  46 yaks
  A basilisk (shapeshifter) (Depths:4)
  8 basilisks
  A human (shapeshifter) (Vaults:1)
  6 neqoxecs
  4 hungry ghosts
  A black mamba skeleton (Crypt:3)
  A yaktaur simulacrum (Vaults:1)
  8 chaos spawn
  10 vampire mosquitoes
  An emperor scorpion simulacrum (Hell)
  11 wargs
  A soldier ant (D:11)
  A hydra simulacrum (Hell)
  3 acid dragons
  A floating eye (Depths:3)
  8 hell hounds
  2 spatial vortices
  A spiny frog zombie (Tar:1)
  A deep troll skeleton (Crypt:3)
  9 water moccasins
  3 sky beasts
  10 porcupines
  4 phantoms
  A manticore zombie (Tar:2)
  54 orc warriors
  3 spiny frog skeletons
  7 black bears
  A swamp dragon zombie (Crypt:2)
  An alligator simulacrum (Hell)
  A black bear (shapeshifter) (Vaults:5)
  3 ice beasts
  4 eyes of draining
  A snapping turtle zombie (Abyss:1)
  An eye of draining (shapeshifter) (Vaults:1)
  6 centaurs
  6 boggarts
  30 ogres
  A snapping turtle skeleton (Hell)
  7 necrophages
  29 wolves
  A lindwurm skeleton (Crypt:1)
  13 crocodiles
  A crocodile (shapeshifter) (Depths:1)
  3 big kobolds
  A hippogriff zombie (Crypt:2)
  32 bullfrogs
  A wyvern zombie (D:11)
  7 earth elementals
  A cyclops zombie (Crypt:2)
  3 scorpions
  21 killer bees
  4 howler monkeys
  2 polar bear skeletons
  17 wights
  2 electric eels
  2 quasits (Abyss:1)
  32 starcursed masses
  4 centaur zombies
  6 crimson imps
  4 jellies
  A bullfrog zombie (D:7)
  2 human zombies
  Crazy Yiuf (D:2)
  25 orc priests
  6 hounds
  3 bullfrog skeletons
  A gnoll shaman (Orc:2)
  3 iron imps
  A human skeleton (Crypt:2)
  4 iguanas
  Terence (D:2)
  25 orc wizards
  3 worker ants
  A tengu zombie (Hell)
  A big kobold zombie (Crypt:2)
  A hound skeleton (D:4)
  A hound zombie (D:7)
  An ogre skeleton (Crypt:3)
  20 mummies
  Robin (D:2)
  A howler monkey skeleton (D:11)
  11 gnolls
  18 adders
  10 river rats
  16 shadow imps
  5 white imps
  2 ufetubi (Abyss:2)
  2 oozes
  3 adder zombies
  5 adder skeletons
  3 worms (D:4)
  4 dart slugs
  4 leopard geckos
  115 orcs
  4 giant cockroaches
  10 goblins
  9 hobgoblins
  7 jackals
  5 quokkas
  13 ball pythons (Sewer)
  A ball python skeleton (D:4)
  5 bats
  5 frilled lizards
  A giant cockroach zombie (D:5)
  A goblin zombie (D:6)
  A hobgoblin zombie (Ossuary)
  15 kobolds
  5 kobold zombies (Ossuary)
  A leopard gecko zombie (D:6)
  2 orc zombies (Ossuary)
  A quokka zombie (D:7)
  38 rats
  2 rat zombies
  7 crawling corpses
  2 lurking horrors (Abyss:3)
  3 starspawn tentacles
  4 tentacles (Shoals:2)
3206 creatures vanquished.

Vanquished Creatures (collateral kills)
  A Tzitzimitl (Tar:4)
  A shadow dragon (Tar:4)
  A fire giant (D:11)
  A vault warden (Vaults:2)
  A death ooze (Slime:5)
  A death drake (Tar:4)
  3 skeletal warriors (Tar:4)
  A hellion (Tar:4)
  A tormentor (Tar:4)
  An orc warrior (Vaults:2)
  2 necrophages (Tar:4)
14 creatures vanquished.

Vanquished Creatures (others)
  A vampire knight (Crypt:1)
  A peacekeeper (Desolation)
  A hell hog (Hell)
  A large abomination (Elf:3)
  An ironbrand convoker (Vaults:4)
  2 deep elf magi
  2 cyclopes (Hell)
  2 saltlings (Desolation)
  A hippogriff (shapeshifter) (Abyss:3)
  A redback (Spider:2)
  A human (Spider:1)
  A small abomination (Abyss:2)
  A scorpion (D:6)
  A bullfrog zombie (D:6)
  A centaur skeleton (D:6)
  2 orc wizards
  A bush (Lair:6)
  15 fungi
  3 lurking horrors
  45 plants
  24 starspawn tentacles
  4 tentacles (Shoals:2)
112 creatures vanquished.

Grand Total: 3332 creatures vanquished

Notes
Turn   | Place    | Note
-------+----------+-------------------------------------------
     0 | D:1      | Engwar the Naga Berserker began the quest for the Orb.
     0 | D:1      | Reached XP level 1. HP: 21/21 MP: 1/1
     0 | D:1      | Noticed a large abomination
     4 | D:1      | Noticed a shadow dragon
     4 | D:1      | Noticed a shadow dragon
     7 | D:1      | Noticed a shadow dragon
     8 | D:1      | Noticed a large abomination
     9 | D:1      | Noticed a tentacled monstrosity
    11 | D:1      | Noticed an orb of fire
    14 | D:1      | Noticed a tentacled monstrosity
    15 | D:1      | Noticed an orb of fire
    15 | D:1      | Noticed a shadow dragon
    17 | D:1      | Noticed an ice dragon
    19 | D:1      | Noticed a shadow dragon
   498 | D:1      | Reached XP level 2. HP: 15/28 MP: 2/2
  1252 | D:1      | Reached XP level 3. HP: 32/34 MP: 3/3
  1613 | D:2      | Noticed Terence
  1626 | D:2      | Killed Terence
  1626 | D:2      | Reached XP level 4. HP: 42/42 MP: 4/4
  1663 | D:2      | Noticed Robin
  1678 | D:2      | Killed Robin
  1678 | D:2      | Reached ** piety under Trog
  1678 | D:2      | Reached skill level 5 in Maces & Flails
  2508 | D:2      | Found a runed translucent door.
  2509 | D:2      | Noticed Crazy Yiuf
  2537 | D:2      | Killed Crazy Yiuf
  2537 | D:2      | Reached XP level 5. HP: 49/49 MP: 5/5
  2964 | D:3      | Found an opulent altar of Gozag.
  3239 | D:3      | Noticed a big kobold
  3255 | D:3      | Killed a big kobold
  3255 | D:3      | Reached XP level 6. HP: 52/56 MP: 6/6
  3343 | D:4      | Noticed Sigmund
  3486 | D:4      | Reached *** piety under Trog
  3705 | D:4      | Found a glowing drain.
  3735 | Sewer    | Entered a sewer
  4186 | Sewer    | Reached XP level 7. HP: 57/62 MP: 7/7
  4194 | Sewer    | Reached **** piety under Trog
  4996 | D:4      | Found Ikhla's Jewellery Shoppe.
  5070 | D:4      | Killed Sigmund
  5070 | D:4      | Reached XP level 8. HP: 69/69 MP: 7/10
  5078 | D:4      | Identified a scroll of acquirement
  5217 | D:5      | Entered Level 5 of the Dungeon
  5217 | D:5      | Found Tikodd's Antique Armour Shoppe.
  5330 | D:5      | Found a glowing golden altar of the Shining One.
  5471 | D:5      | Reached ***** piety under Trog
  5632 | D:5      | Received a gift from Trog
  5754 | D:5      | Found a burning altar of Makhleb.
  5793 | D:6      | Found a sacrificial altar of Ru.
  5815 | D:6      | Reached skill level 4 in Fighting
  5825 | D:6      | Found Sommoqor's Gadget Emporium.
  5847 | D:6      | Noticed Pikel
  5903 | D:6      | Killed Pikel
  5903 | D:6      | Reached skill level 6 in Fighting
  5903 | D:6      | Reached XP level 9. HP: 85/85 MP: 11/11
  5973 | D:6      | Found a sand-covered staircase.
  5991 | Ossuary  | Entered an ossuary
  6433 | D:6      | Reached skill level 10 in Maces & Flails
  6838 | D:7      | Found a radiant altar of Vehumet.
  7106 | D:7      | Found a staircase to the Ecumenical Temple.
  7768 | D:8      | Found a staircase to the Lair.
  7787 | D:8      | Reached XP level 10. HP: 76/92 MP: 12/12
  8129 | D:8      | Reached skill level 5 in Armour
  8749 | D:8      | Found a shimmering altar of Xom.
  9207 | D:9      | Noticed a two-headed ogre
  9227 | D:9      | Killed a two-headed ogre
  9227 | D:9      | Reached skill level 5 in Dodging
  9227 | D:9      | Reached XP level 11. HP: 87/99 MP: 13/13
  9290 | D:9      | Reached skill level 7 in Fighting
  9468 | D:9      | Noticed Harold
  9483 | D:9      | Killed Harold
  9483 | D:9      | Reached skill level 8 in Fighting
  9536 | D:9      | Got an ancient bone ring
  9543 | D:9      | Identified the ring of Zynaem {*Tele Dex+3} (You found it
                  | on level 9 of the Dungeon)
  9641 | D:9      | Received a gift from Trog
  9718 | D:9      | Noticed a two-headed ogre
  9728 | D:9      | Killed a two-headed ogre
  9728 | D:9      | Reached skill level 9 in Fighting
  9780 | D:9      | Noticed a cyclops
  9821 | D:9      | Killed a cyclops
 10341 | D:9      | Noticed Gastronok
 10365 | D:9      | Killed Gastronok
 10365 | D:9      | Reached skill level 10 in Fighting
 10584 | D:10     | Entered Level 10 of the Dungeon
 10842 | D:10     | Noticed Fannar
 10863 | D:10     | Killed Fannar
 10963 | D:10     | Reached skill level 11 in Fighting
 10980 | D:10     | Reached XP level 12. HP: 91/120 MP: 15/15
 11025 | D:10     | Found a staircase to the Orcish Mines.
 11347 | Lair:1   | Entered Level 1 of the Lair of Beasts
 11467 | Lair:1   | Found a shattered altar of Ashenzari.
 11538 | Lair:1   | Noticed a seven-headed hydra
 11548 | Lair:1   | Killed a seven-headed hydra
 11714 | Lair:1   | Reached skill level 12 in Fighting
 12252 | Lair:2   | Found a staircase to the Shoals.
 13233 | Lair:3   | Reached skill level 13 in Fighting
 13735 | Lair:3   | Found a hole to the Spider Nest.
 14566 | Lair:4   | Reached skill level 14 in Fighting
 14847 | Lair:4   | Gained mutation: You can use your snake-like lower body to
                  | constrict enemies. [Naga growth]
 14847 | Lair:4   | Reached XP level 13. HP: 119/136 MP: 16/16
 15711 | Lair:5   | Reached skill level 15 in Fighting
 16032 | Lair:5   | Found a staircase to the Slime Pits.
 16080 | Lair:5   | Found a snail-covered altar of Cheibriados.
 16754 | Lair:5   | Received a gift from Trog
 16948 | Lair:6   | Entered Level 6 of the Lair of Beasts
 17171 | Slime:1  | Entered Level 1 of the Pits of Slime
 18095 | Lair:5   | Reached XP level 14. HP: 142/147 MP: 17/17
 18154 | Lair:5   | Received a gift from Trog
 18195 | Lair:5   | Got a pitted mace {god gift}
 18196 | Lair:5   | Identified the +3 mace of Syq Con {freeze, *Corrode rPois
                  | rN+++ Int+8} (Trog gifted it to you on level 5 of the Lair
                  | of Beasts)
 18238 | Lair:5   | Reached skill level 10 in Armour
 18597 | Lair:6   | Found a runed translucent gate.
 18597 | Lair:6   | Found a runed translucent gate.
 18597 | Lair:6   | Found a runed translucent gate.
 18643 | Lair:6   | Noticed Muicuott's ghost (journeyman DrCj)
 19225 | Lair:6   | Identified the Papyrus of Translocation and Unholy Arts
 19697 | D:11     | Noticed Etrirghui's ghost (journeyman DrMo)
 19728 | D:11     | Found a transporter.
 19750 | D:11     | Found a transporter.
 20022 | D:11     | Noticed a fire giant
 20022 | D:11     | Noticed a storm dragon
 20025 | D:11     | Killed a fire giant
 20052 | D:11     | Killed a storm dragon
 20099 | D:11     | Identified the +5 glaive of Vanity {freeze, +Inv MP+9 Int+3
                  | Dex+2}
 20177 | D:11     | Got an iridescent whip
 20179 | D:11     | Identified Dehaten's Compendium of the Enchanting
                  | Snowflakes
 20188 | D:11     | Got a clouded lapis lazuli ring
 20193 | D:11     | Identified the cursed +1 whip of Spores {elec, Str+5} (You
                  | found it on level 11 of the Dungeon)
 20194 | D:11     | Identified the ring "Cirill" {Ice *Drain +Fly rN+ Str+2}
                  | (You found it on level 11 of the Dungeon)
 20211 | D:11     | Reached ****** piety under Trog
 20432 | D:11     | Found Jiodwiuw's Antique Armour Boutique.
 20440 | D:11     | Bought an ancient plate armour for 644 gold pieces
 20544 | D:11     | Received a gift from Trog
 20585 | D:11     | Killed Etrirghui's ghost
 20621 | D:11     | Got a spiked naga barding
 20642 | D:11     | Identified the +0 naga barding "Yvim" {Str+4} (You found it
                  | on level 11 of the Dungeon)
 20652 | D:11     | Identified the cursed +0 plate armour of Isusumpa {rPois
                  | Dex+2} (You bought it in a shop on level 11 of the Dungeon)
 20748 | D:11     | HP: 3/147 [freezing wraith[a death knight] (9)]
 21039 | D:12     | Reached skill level 10 in Dodging
 21057 | D:12     | Reached skill level 1 in Throwing
 21418 | D:12     | Found a portal to a secret trove of treasure.
 21505 | D:12     | Found Pyxagrud's Book Boutique.
 21618 | D:12     | Found a runed translucent door.
 21630 | D:12     | Found a runed translucent door.
 21762 | D:12     | Found a runed translucent door.
 21772 | D:12     | Found a runed translucent door.
 22149 | Orc:1    | Entered Level 1 of the Orcish Mines
 22230 | Orc:1    | Reached XP level 15. HP: 154/154 MP: 18/18
 22340 | Orc:1    | Received a gift from Trog
 22655 | Orc:1    | Found a roughly hewn altar of Beogh.
 22696 | Orc:2    | Entered Level 2 of the Orcish Mines
 22751 | Orc:2    | Found a staircase to the Elven Halls.
 22786 | Orc:2    | Found Ladung's Armour Emporium.
 22795 | Orc:2    | Bought the +7 Kryia's mail coat {PotionHeal*2 rC+} for 840
                  | gold pieces
 22795 | Orc:2    | Found the +7 Kryia's mail coat {PotionHeal*2 rC+}
 23029 | Orc:2    | Noticed Josephine
 23076 | Orc:2    | Killed Josephine
 23820 | Orc:2    | Received a gift from Trog
 23835 | Orc:2    | Got a twisted great mace {god gift}
 23836 | Orc:2    | Identified the +3 great mace of Honour {drain, -Tele rPois
                  | rC+} (Trog gifted it to you on level 2 of the Orcish Mines)
 24070 | Orc:2    | Found Ucvabiru's Jewellery Emporium.
 24070 | Orc:2    | Found Woazyph's Assorted Antiques.
 24072 | Orc:2    | Found Jiom's Armour Emporium.
 24072 | Orc:2    | Found Zomayka's Weapon Boutique.
 24092 | Orc:2    | Bought a +2 buckler for 247 gold pieces
 24223 | D:13     | Reached skill level 1 in Shields
 24268 | D:13     | Upgraded the game from 0.24-a0-769-g368c1644f8 to
                  | 0.24-a0-779-g36f0aeb843
 24363 | D:13     | Found a gate to the Vaults.
 24540 | D:13     | Found a blossoming altar of Fedhas.
 24754 | D:14     | Found a flagged portal.
 24783 | Bailey   | Entered a bailey
 25838 | D:14     | Received a gift from Trog
 25990 | D:15     | Entered Level 15 of the Dungeon
 26025 | D:15     | Identified the Incunabulum of the Boosting Traveller
 26340 | D:15     | Reached XP level 16. HP: 137/163 MP: 19/19
 26907 | D:15     | Found a shadowy altar of Dithmenos.
 27043 | D:15     | Found a staircase to the Depths.
 27284 | Spider:1 | Entered Level 1 of the Spider Nest
 27284 | Spider:1 | Noticed Aizul
 27284 | Spider:1 | Noticed Kirke
 27321 | Lair:3   | Killed Kirke
 27395 | Lair:3   | Killed Aizul
 27701 | Lair:3   | Received a gift from Trog
 28500 | Spider:1 | Noticed Roxanne
 28799 | Spider:1 | Killed Roxanne
 28938 | Spider:1 | You fall into a shaft and drop 1 floor!
 29185 | Spider:2 | Received a gift from Trog
 29768 | Spider:2 | Found a runed translucent door.
 29769 | Spider:2 | Found a shimmering altar of Xom.
 29769 | Spider:2 | Noticed mistymad's ghost (adept GnWn)
 29769 | Spider:2 | Identified the +6 glaive of Arbitration {chaos, rN+}
 29923 | Spider:3 | Reached XP level 17. HP: 158/170 MP: 20/20
 30152 | Spider:3 | Got a pitted turquoise ring
 30153 | Spider:3 | Identified the ring "Itisoy" {MP+9 Str+4} (You found it on
                  | level 3 of the Spider Nest)
 30158 | Spider:3 | Received a gift from Trog
 30948 | Spider:4 | Entered Level 4 of the Spider Nest
 31305 | Spider:4 | Reached skill level 15 in Armour
 32124 | Spider:4 | Received a gift from Trog
 32787 | Spider:4 | Got a gossamer rune of Zot
 32908 | Spider:4 | Reached skill level 16 in Fighting
 33066 | Shoals:1 | Entered Level 1 of the Shoals
 33672 | Shoals:1 | Found Qapneehi's Magic Scroll Shoppe.
 34252 | Shoals:2 | Reached skill level 17 in Fighting
 34301 | Shoals:1 | HP: 7/176 [drowned by a water elemental (13)]
 34683 | Shoals:2 | Noticed a kraken
 34701 | Shoals:2 | Killed a kraken
 34701 | Shoals:2 | Reached XP level 18. HP: 184/184 MP: 21/21
 34881 | Shoals:2 | Reached skill level 5 in Shields
 35609 | Shoals:3 | Found Poxete's Magic Scroll Boutique.
 35671 | Shoals:4 | Entered Level 4 of the Shoals
 35824 | Shoals:4 | Received a gift from Trog
 35863 | Shoals:4 | Got an ichor-stained hunting sling {god gift}
 35864 | Shoals:4 | Identified the +6 hunting sling "Rarchior" {venom, rC+ rN+
                  | Str+3 Int+2} (Trog gifted it to you on level 4 of the
                  | Shoals)
 35887 | Shoals:4 | Got a barnacled rune of Zot
 36223 | Shoals:4 | Identified the ring "Xeynedy" {Wiz SInv}
 36538 | Elf:1    | Entered Level 1 of the Elven Halls
 36845 | Elf:1    | Got a shimmering chain mail
 36846 | Elf:1    | Identified the cursed +1 chain mail of Inference {rF+ rC+
                  | Int+3} (You found it on level 1 of the Elven Halls)
 36893 | Elf:1    | Noticed a titan
 36894 | Elf:1    | Noticed Lales's ghost (adept DDFi)
 36895 | Elf:1    | Found a runed translucent gate.
 36895 | Elf:1    | Found a runed translucent gate.
 36895 | Elf:1    | Found a runed translucent gate.
 36895 | Elf:1    | Noticed a titan
 36896 | Elf:1    | Found the +5 robe of Misfortune {*Contam Harm *Corrode
                  | *Drain *Slow EV+5}
 36896 | Elf:1    | Found an iron altar of Okawaru.
 36914 | Elf:1    | Received a gift from Trog
 37169 | Elf:1    | Found Ykkapn Wiakk's Gadget Boutique.
 37169 | Elf:1    | Found Vimaloit's Jewellery Shoppe.
 37170 | Elf:1    | Found Yzidev's Gadget Boutique.
 38124 | Elf:2    | Noticed a deep elf blademaster
 38140 | Elf:2    | Killed a deep elf blademaster
 38140 | Elf:2    | Reached XP level 19. HP: 183/195 MP: 7/22
 38154 | Elf:2    | Received a gift from Trog
 38172 | Elf:2    | Found a runed translucent gate.
 38172 | Elf:2    | Found a runed translucent gate.
 38173 | Elf:2    | Found a runed translucent gate.
 38191 | Elf:2    | Noticed Louise
 38238 | Elf:2    | Killed Louise
 38292 | Elf:2    | Found Kedweic's Jewellery Emporium.
 38315 | Elf:2    | Reached skill level 15 in Maces & Flails
 38694 | Elf:3    | Entered Level 3 of the Elven Halls
 38718 | Elf:3    | Received a gift from Trog
 38732 | Elf:3    | Noticed Mara
 38743 | Elf:3    | Killed Mara
 39310 | Elf:3    | Noticed an Ice Fiend
 39525 | Elf:3    | Reached skill level 10 in Shields
 39917 | Elf:3    | Noticed a Tzitzimitl
 40334 | Elf:3    | Noticed a Brimstone Fiend
 40596 | Elf:3    | Noticed a Brimstone Fiend
 40859 | Elf:3    | Received a gift from Trog
 40900 | Elf:3    | Reached XP level 20. HP: 200/204 MP: 7/23
 41258 | Elf:3    | Found a roughly hewn altar of Beogh.
 41674 | Elf:3    | Identified the cursed +0 quarterstaff of the Living Dead
                  | {crush, rPois MR+++ Str-5 Stlth+}
 41710 | Elf:3    | Got a brightly glowing steel ring
 41739 | Elf:3    | Identified the ring of Fuigru Ziti {Wiz Stlth+} (You found
                  | it on level 3 of the Elven Halls)
 41753 | Elf:3    | Found the +3 sling "Punk" {acid, rCorr}
 41794 | Elf:3    | Got a fine jade ring
 41864 | Elf:3    | Identified the ring of Qoatyqeg {rElec rC+ Int+7 Stlth-}
                  | (You found it on level 3 of the Elven Halls)
 42166 | Vaults:1 | Entered Level 1 of the Vaults
 42433 | Vaults:1 | Identified the +1 arbalest of Jopa Ycufav {elec, +Blink
                  | Int-5 Dex+2}
 42590 | Vaults:1 | Received a gift from Trog
 43847 | Vaults:2 | Received a gift from Trog
 44069 | Vaults:2 | Received a gift from Trog
 44396 | Vaults:2 | Reached XP level 21. HP: 169/211 MP: 24/24
 44540 | Vaults:3 | Reached skill level 15 in Shields
 44692 | Vaults:3 | Reached skill level 18 in Fighting
 44735 | Vaults:3 | Found a ruined gateway.
 44762 | Desolati | Entered the Desolation of Salt
 45018 | Desolati | Received a gift from Trog
 45163 | Desolati | Found the +9 heavy crossbow "Sniper" {velocity, Acc+∞ SInv}
 45172 | Desolati | Identified the Handbook of the Lucky Snowflakes
 45248 | Desolati | Reached skill level 5 in Stealth
 45250 | Desolati | Identified the +1 scale mail "Taetwouco" {rF+ rN+}
 45250 | Desolati | Identified the ring "Uppot" {+Inv rF+ MP+9 Str+3}
 45313 | Desolati | Identified Poniex's Catalogue of Ashen Transmigration
 45317 | Desolati | Identified Wirimony's Reference Book on Helpful Orientation
 45616 | Desolati | Identified the Guide on the Compass
 45623 | Desolati | Identified the Compendium of Scorching Unholy Magic
 45651 | Desolati | Reached skill level 10 in Stealth
 45748 | Desolati | Received a gift from Trog
 45960 | Vaults:3 | You fall into a shaft and drop 1 floor!
 45960 | Vaults:4 | Found Veuxkobri's Book Shoppe.
 46173 | Vaults:4 | Upgraded the game from 0.24-a0-779-g36f0aeb843 to
                  | 0.24-a0-784-g601f8f6d22
 46195 | Vaults:4 | Reached skill level 19 in Fighting
 46974 | Vaults:4 | Reached XP level 22. HP: 135/228 MP: 8/25
 46979 | Vaults:4 | Received a gift from Trog
 47241 | Vaults:4 | Reached skill level 20 in Fighting
 48210 | Vaults:5 | Entered Level 5 of the Vaults
 48568 | Vaults:3 | Received a gift from Trog
 48757 | Vaults:3 | Found a staircase to the Crypt.
 49411 | Vaults:3 | Found Ujarotz's General Store.
 50021 | Depths:1 | Entered Level 1 of the Depths
 50033 | Depths:1 | Received a gift from Trog
 50334 | Depths:1 | Reached XP level 23. HP: 235/235 MP: 8/26
 51167 | Depths:1 | Found a gateway to Hell.
 51222 | Depths:1 | Reached skill level 15 in Dodging
 51247 | Depths:1 | Reached skill level 5 in Evocations
 51561 | Depths:2 | Received a gift from Trog
 51838 | Depths:1 | Received a gift from Trog
 52447 | Depths:2 | Found a gateway to a ziggurat.
 52688 | Depths:2 | Reached skill level 10 in Evocations
 52895 | Depths:3 | Found a one-way gate leading to the halls of Pandemonium.
 53114 | Depths:3 | Received a gift from Trog
 53278 | Depths:3 | Reached XP level 24. HP: 199/244 MP: 13/30
 53283 | Depths:3 | Received a gift from Trog
 53880 | Depths:3 | Found a one-way gate to the infinite horrors of the Abyss.
 53966 | Depths:3 | Paralysed by a floating eye for 3 turns
 53971 | Depths:3 | Paralysed by a floating eye for 4 turns
 53986 | Depths:3 | Paralysed by a floating eye for 2 turns
 54610 | Depths:4 | Noticed the Enchantress
 54690 | Depths:3 | Killed the Enchantress
 54955 | Depths:4 | Received a gift from Trog
 55607 | Depths:4 | Received a gift from Trog
 55797 | Depths:5 | Entered Level 5 of the Depths
 55947 | Depths:5 | Found a shattered altar of Ashenzari.
 56033 | Depths:5 | Found a corrupted altar of Lugonu.
 56290 | Depths:5 | Noticed Margery
 56321 | Depths:5 | Killed Margery
 56321 | Depths:5 | Reached XP level 25. HP: 179/249 MP: 13/30
 56510 | Depths:5 | Received a gift from Trog
 56811 | Depths:5 | Received a gift from Trog
 56875 | Depths:5 | Got a translucent mace {god gift}
 56876 | Depths:5 | Identified the +3 mace "Atyok" {drain, +Rage rPois Stlth+}
                  | (Trog gifted it to you on level 5 of the Depths)
 57121 | Depths:5 | Found a gate to the Realm of Zot.
 57823 | Orc:2    | Bought the +7 plate armour "Fuzxac" {rF+ Regen+ Str+4
                  | Dex+3} for 1300 gold pieces
 57823 | Orc:2    | Bought the +2 large shield of Kenoun {rElec rF+ MR- Regen+}
                  | for 469 gold pieces
 58618 | Vaults:5 | Noticed an ancient lich
 58628 | Vaults:5 | Noticed Bai Suzhen
 58631 | Vaults:5 | Killed an ancient lich
 58643 | Vaults:5 | Killed Bai Suzhen
 58694 | Vaults:5 | Received a gift from Trog
 58817 | Vaults:5 | Noticed an ancient lich
 58836 | Vaults:5 | Killed an ancient lich
 59031 | Vaults:5 | Reached XP level 26. HP: 261/261 MP: 10/32
 59084 | Vaults:5 | Received a gift from Trog
 59141 | Vaults:5 | Got an iridescent mace {god gift}
 59142 | Vaults:5 | Identified the +1 mace of the Cup {crush, Fragile +Rage
                  | rPois Stlth+} (Trog gifted it to you on level 5 of the
                  | Vaults)
 59304 | Vaults:5 | Identified the ring of Suicidal Tendencies {rF+ rN+ Dex+2}
 59309 | Vaults:5 | Identified the +9 shortbow of Xairuima {venom, rC++ Str+3}
 59537 | Vaults:5 | Identified the ring "Ikkeurr" {*Slow +Fly rC+ Str+6 SInv}
 59585 | Vaults:5 | Received a gift from Trog
 59626 | Vaults:5 | Identified the +3 long sword "Humy" {drain, +Fly Str+8
                  | Int-4 Stlth+}
 60135 | Vaults:5 | Got a silver rune of Zot
 60139 | Vaults:5 | Identified Ygasidar's Compendium of the Captivating Birds
 60431 | Vaults:3 | Received a gift from Trog
 60768 | Zot:1    | Entered Level 1 of the Realm of Zot
 60835 | Zot:1    | Got a distressingly furry helmet
 60837 | Zot:1    | Identified the cursed +0 helmet "Geivaziu" {rElec rN++ MR-
                  | Dex+2} (You found it on level 1 of the Realm of Zot)
 61297 | Zot:1    | You fall into a shaft and drop 1 floor!
 62121 | Zot:3    | Noticed an ancient lich
 62134 | Zot:3    | Received a gift from Trog
 62146 | Zot:3    | Reached XP level 27. HP: 268/268 MP: 1/32
 62711 | Zot:3    | Noticed an orb of fire
 62760 | Zot:2    | Gained mutation: You are frail. (-10% HP) [an orb of fire]
 62772 | Zot:2    | Killed an orb of fire
 62936 | Zot:3    | Got a shimmering flail {god gift}
 62937 | Zot:3    | Identified the +7 flail of Maxirr {flame, Str+2} (Trog
                  | gifted it to you on level 3 of the Realm of Zot)
 63052 | Zot:3    | Received a gift from Trog
 63141 | Zot:3    | Killed an ancient lich
 63449 | Zot:4    | Received a gift from Trog
 64065 | Zot:4    | Reached skill level 21 in Fighting
 64207 | Zot:5    | Entered Level 5 of the Realm of Zot
 64918 | Zot:5    | Noticed an ancient lich
 64924 | Zot:5    | Noticed an orb of fire
 64925 | Zot:5    | Noticed an ancient lich
 64925 | Zot:5    | Noticed an orb of fire
 64925 | Zot:5    | Gained mutation: Your magical capacity is low. (-10% MP) [a
                  | cacodemon]
 64927 | Zot:5    | Noticed an ancient lich
 64929 | Zot:5    | Noticed an ancient lich
 65107 | Zot:5    | Gained mutation: You are weak. (Str -2) [an orb of fire]
 65118 | Zot:5    | Killed an orb of fire
 65144 | Zot:5    | Noticed an ancient lich
 65152 | Zot:5    | Killed an ancient lich
 65152 | Zot:5    | Reached skill level 22 in Fighting
 65162 | Zot:5    | Noticed an ancient lich
 65162 | Zot:5    | Noticed an ancient lich
 65174 | Zot:4    | Killed an ancient lich
 65258 | Zot:5    | Killed an ancient lich
 65339 | Zot:5    | Noticed an ancient lich
 65352 | Zot:5    | Killed an ancient lich
 65436 | Zot:5    | HP: 11/266 [acid (16)]
 65440 | Zot:5    | Noticed an ancient lich
 65443 | Zot:5    | HP: 11/266 [Killer Klown/+12 club of flaming (17)]
 66192 | Slime:1  | Gained mutation: You are surrounded by a mild repulsion
                  | field. (EV +2) [a shining eye]
 66488 | Slime:2  | Received a gift from Trog
 66614 | Slime:2  | Reached skill level 23 in Fighting
 66749 | Slime:5  | Entered Level 5 of the Pits of Slime
 66936 | Slime:4  | Gained mutation: Your magical capacity is very low. (-20%
                  | MP) [a shining eye]
 66960 | Slime:5  | Found a viscous altar of Jiyva.
 66961 | Slime:5  | Noticed the Royal Jelly
 67026 | Slime:5  | Killed the Royal Jelly
 67164 | Slime:5  | Gained mutation: You are very weak. (Str -4) [a shining
                  | eye]
 67165 | Slime:5  | Gained mutation: Potions are less effective at restoring
                  | your health. [a shining eye]
 67169 | Slime:5  | Lost mutation: You are surrounded by a mild repulsion
                  | field. (EV +2) [a shining eye]
 67343 | Slime:5  | Got a pitted cloak
 67344 | Slime:5  | Identified the +0 cloak "Ischargho" {rPois Dex-3 Slay+6}
                  | (You found it on level 5 of the Pits of Slime)
 67414 | Slime:5  | Got a slimy rune of Zot
 67439 | Slime:5  | Got a jewelled shield
 67440 | Slime:5  | Identified the +0 shield of Levity {-Cast +Fly rN+++ Int-4}
                  | (You found it on level 5 of the Pits of Slime)
 67627 | Slime:5  | Lost mutation: You are frail. (-10% HP) [potion of
                  | mutation]
 67627 | Slime:5  | Lost mutation: Your magical capacity is very low. (-20% MP)
                  | [potion of mutation]
 67627 | Slime:5  | Lost mutation: Your magical capacity is low. (-10% MP)
                  | [potion of mutation]
 67627 | Slime:5  | Gained mutation: You are resistant to hostile enchantments.
                  | (MR+) [potion of mutation]
 68257 | Crypt:1  | Entered Level 1 of the Crypt
 68566 | D:5      | Fell from the grace of Trog
 68566 | D:5      | Became a worshipper of the Shining One
 68569 | D:5      | Learned a level 1 spell: Apportation
 68571 | D:5      | Learned a level 1 spell: Magic Dart
 68574 | D:5      | Learned a level 2 spell: Blink
 68909 | Crypt:1  | Reached skill level 1 in Invocations
 68945 | Crypt:1  | Reached * piety under the Shining One
 69074 | Crypt:1  | Reached ** piety under the Shining One
 69384 | Crypt:1  | Reached skill level 5 in Invocations
 69532 | Crypt:1  | Reached *** piety under the Shining One
 69739 | Crypt:2  | Reached **** piety under the Shining One
 70143 | Crypt:2  | Reached ***** piety under the Shining One
 70718 | Crypt:3  | Entered Level 3 of the Crypt
 70743 | Crypt:3  | Reached skill level 10 in Invocations
 70924 | Crypt:3  | Gained mutation: You are frail. (-10% HP) [a cacodemon]
 70929 | Crypt:3  | Gained mutation: You are very frail. (-20% HP) [a
                  | cacodemon]
 71078 | Crypt:3  | Reached ****** piety under the Shining One
 71401 | Crypt:3  | Found a basalt altar of Yredelemnul.
 71421 | Crypt:3  | Noticed an ancient lich
 71442 | Crypt:3  | Killed an ancient lich
 71505 | Crypt:3  | Identified the Volume of Stolen Souls and Poisoning
 71536 | Crypt:3  | Learned a level 2 spell: Swiftness
 71543 | Crypt:3  | Learned a level 6 spell: Darkness
 71550 | Crypt:3  | Learned a level 6 spell: Deflect Missiles
 71806 | Crypt:3  | Found a staircase to the Tomb.
 72260 | Crypt:3  | Reached skill level 1 in Translocations
 72985 | D:5      | Identified a +9 eveningstar of holy wrath (a +7 vampiric
                  | eveningstar blessed by the Shining One)
 72985 | D:5      | Received a gift from the Shining One
 73246 | Depths:3 | Voluntarily entered the Abyss.
 73332 | Abyss:1  | Reached skill level 5 in Translocations
 73390 | Abyss:1  | Gained mutation: You are clumsy. (Dex -2) [a neqoxec]
 73393 | Abyss:1  | Reached skill level 1 in Spellcasting
 73411 | Abyss:1  | Found an ancient bone altar of Kikubaaqudgha.
 73846 | Abyss:2  | Reached skill level 1 in Charms
 73853 | Abyss:2  | Found a corrupted altar of Lugonu.
 73938 | Abyss:2  | Paralysed by accursed screaming for 1 turns
 74165 | Abyss:2  | Reached skill level 1 in Conjurations
 74327 | Abyss:2  | Paralysed by accursed screaming for 1 turns
 74467 | Abyss:2  | Paralysed by Trog for 2 turns
 74474 | Abyss:2  | Learned a level 4 spell: Airstrike
 74586 | Abyss:3  | Reached skill level 5 in Spellcasting
 74707 | Abyss:3  | Paralysed by Trog for 6 turns
 74830 | Abyss:3  | Reached skill level 1 in Air Magic
 74832 | Temple   | Entered the Ecumenical Temple
 74855 | Abyss:4  | Found a corrupted altar of Lugonu.
 75197 | Abyss:4  | Reached skill level 5 in Air Magic
 75354 | Abyss:5  | Entered Level 5 of the Abyss
 75354 | Abyss:5  | Entered Level 5 of the Abyss
 75449 | Abyss:5  | Reached skill level 5 in Charms
 75506 | Depths:3 | Escaped the Abyss
 75672 | Hell     | Entered the Vestibule of Hell
 75673 | Hell     | Noticed Geryon
 75682 | Hell     | Killed Geryon
 75928 | Hell     | Found a gateway to the decaying netherworld of Tartarus.
 76089 | Hell     | Noticed Murray
 76101 | Hell     | Killed Murray
 76215 | Hell     | Reached skill level 10 in Air Magic
 76340 | Hell     | Found a gateway to the ashen valley of Gehenna.
 76399 | Hell     | Found a gateway to the Iron City of Dis.
 76401 | Hell     | Was forgiven by Trog
 76470 | Hell     | Found a gateway to the freezing wastes of Cocytus.
 76530 | Tar:1    | Entered Level 1 of Tartarus
 76805 | Tar:2    | Reached skill level 10 in Charms
 77480 | Tar:6    | Learned a level 9 spell: Tornado
 77526 | Tar:7    | Entered Level 7 of Tartarus
 77568 | Hell     | HP: 3/238 [doom hound (27)]
 77572 | Hell     | The Shining One protects you from harm!
 77573 | Hell     | Slain by a doom hound

Levels and vault maps discovered:
D:1:      shiori_arrival_whats_in_store_for_you, layout_rooms, serial_forest,
          infiniplex_forest_straight_3, infiniplex_forest_clump_small,
          infiniplex_forest_lined_room_2, infiniplex_forest_clump_double,
          infiniplex_forest_side_room, infiniplex_forest_pool,
          infiniplex_forest_3_way, infiniplex_forest_lined_2, nrook_uturn,
          due_unseen_surprise
D:2:      layout_loops_ring, uniq_crazy_yiuf_cottage, uniq_robin, uniq_terence
D:3:      cheibrodos_thug_alley, layout_rooms,
          nicolae_gozag_cash_rules_everything_around_me
D:4:      layout_basic, serial_shops, nicolae_shop_statue_plus,
          lightli_sewer_entry_pipes, kennysheep_generic_room_11, uniq_sigmund
D:5:      layout_cave_pools, lemuel_crystal_altar, kennysheep_mini_moat,
          serial_shops, nicolae_shop_overgrown_old_shop, first_ration
D:6:      layout_loops_ring, kennysheep_mini, enter_ossuary_4, serial_shops,
          shop, uniq_pikel
D:7:      layout_basic, lemuel_crystal_altar, minmay_temple_entry_mini_moons,
          serial_curves, eino_curves_03, eino_curves_02
D:8:      layout_loops_ring, lemuel_doored_altar, minmay_lair_entry_grove,
          serial_glass, glass_columns_b, glass_columns_c, the_bakery,
          lightli_minifort
D:9:      minmay_slanted_spiral_squares, layout_basic, uniq_harold,
          uniq_gastronok
D:10:     layout_roguey, orc_0_dummy, item_on_display_a, uniq_fannar
D:11:     minmay_the_grid_plus_closed [minmay_the_grid_tiny_cups,
          minmay_the_grid_minigrid_medium, minmay_the_grid_square_x,
          minmay_the_grid_plusring, minmay_the_grid_prize_diamond_cup],
          layout_cross, gammafunk_ghost_berserking_beasts, serial_shops, shop,
          nrook_loot_triangle
D:12:     layout_loops_corners, serial_shops, shop, nicolae_trove_entry_columns,
          minmay_statue_crystal_thing
D:13:     layout_rooms, david_vaults_4, fedhas_altar_1
D:14:     layout_irregular_city, enter_bailey_2, eino_curves_03
D:15:     grunt_enter_depths_snipers, layout_gridville, grunt_dithmenos_shadows
Lair:1:   layout_small_grid, basic_altar, serial_bayou_pond_e,
          chequers_serial_rivers_large_a
Lair:2:   layout_concentric_octagons, minmay_shoals_entry_beasts
Lair:3:   layout_cave_pods, spider_nest_entry_a, grunt_megastairs_5
Lair:4:   layout_regular_city, chequers_serial_rivers_marsh,
          grunt_forest_large_clearings, serial_bayou_shore_a
Lair:5:   layout_gridlike, dpeg_slime_entry_corner, basic_altar, special_room
          [special_room_bee]
Lair:6:   minmay_lair_end_frog_pond, layout_small_grid,
          ebering_ghost_rock_garden
Shoals:1: layout_shoals, serial_shops, shop
Shoals:2: layout_shoals, nicolae_shoals_water_shrine
Shoals:3: layout_shoals, serial_shops, shop
Shoals:4: shoals_end_grunt_garden, layout_shoals
Spider:1: layout_spider_delve, uniq_aizul, uniq_kirke, uniq_roxanne
Spider:2: layout_spider_delve, ebering_ghost_xom, drop_trap
Spider:3: layout_spider_delve, hangedman_stitches_earthworm
Spider:4: guppyfry_spider_rune, hangedman_spider_tarantella_strand
Slime:1:  layout_caves, nicolae_slime_barrier
Slime:2:  layout_caves, cheibrodos_slime_lost_civilization_7
Slime:3:  layout_caves
Slime:4:  layout_caves
Slime:5
Orc:1:    layout_diamond_mine, lemuel_statue_altar
Orc:2:    grunt_orc_tribal_feast, layout_caves, serial_shops, shop_fountains,
          uniq_josephine
Elf:1:    elf_arrival_001, layout_loops_corners,
          gammafunk_ghost_fury_of_okawaru, kennysheep_underground_church,
          minmay_shop_grove
Elf:2:    layout_geoelf_grid, serial_shops, shop_coins, drop_trap, uniq_louise
Elf:3:    minmay_elf_hall_circle, layout_gridlike, special_room
          [special_room_orc], uniq_mara
Vaults:1: ontoclasm_vaults_eye, vaults_mumra_bighexcomb,
          nicolae_vaults_network_periphery, nicolae_vaults_yaktaur_gun_rack,
          hangedman_vaults_restitches, hangedman_vaults_restitches,
          nicolae_vaults_stairing_the_circle, nicolae_vaults_little_squares_6,
          ontoclasm_vaults_ring_square, v_misc_13, vaults_dpeg_cross,
          layout_vaults_omnibox
Vaults:2: vaults_mumra_lcd, v_alt_pattern_6, nicolae_vaults_ninety_degrees,
          vaults_room_corners, hangedman_vaults_restitches, v_misc_27,
          nicolae_vaults_ring_of_whatevers, layout_vaults_omnigrid, serial_glass
Vaults:3: vaults_mumra_chevron_long, ontoclasm_vaults_chip, v_alt_pattern_5,
          minmay_crypt_entry_nasty_monster, v_misc_30, st_lattice,
          ontoclasm_vaults_spin, nicolae_vaults_little_squares_4, v_misc_27,
          vaults_room_pool, grunt_vaults_hallway_long,
          grunt_vaults_hallway_short, hangedman_vaults_variations,
          ontoclasm_vaults_ring_large, layout_vaults_ring,
          portal_desolation_entry_salt, serial_shops, nicolae_shop_waterfront
Vaults:4: hangedman_vaults_pinch, v_misc_3, hangedman_vaults_capsules,
          st_quartered_hall, vaults_room_door_hall, v_alt_pattern_6,
          dpeg_vaults_monster_box, layout_vaults_omnicross, serial_shops, shop
Vaults:5: uniq_bai_suzhen
Crypt:1:  layout_chaotic_city
Crypt:2:  layout_misc_corridors, lemuel_elevator
Crypt:3:  church_of_pain_bobbens, layout_chaotic_city,
          nicolae_tomb_entry_unfolded_pyramid_orthogonal, minivault_23
Depths:1: layout_cave_shapes, hell_entry, minmay_curled_crystal,
          minmay_misc_feat_doors, minmay_misc_feat_square,
          minmay_hollow_rounded_squares
Depths:2: hangedman_arrow_trap, layout_cave_pools, enter_ziggurat_a,
          pf_hell_entry_tar_spiral, minmay_misc_feat_room,
          infiniplex_staircase_zigzag_1
Depths:3: minmay_box_of_statues, layout_gridlike, nicolae_lava_and_water,
          abyss_entry_small_statue_room, pan_entry, pf_hell_entry_great_geh,
          interstate_on_off, columned_hall_lemuel,
          eino_small_chamber_without_monster, infiniplex_staircase_pillars_1
Depths:4: abrahamwl_protected_by_tso_1, layout_cave_pools, hell_entry,
          abyss_entry, minmay_misc_feat_alley, uniq_enchantress
Depths:5: grunt_zot_entry_gee_three, layout_gridville,
          nicolae_ashenzari_panopticon, hell_entry, abyss_entry_flame_altar,
          uniq_margery
Hell
Tar:1:    layout_cathedral_of_symmetry
Tar:2:    layout_cathedral_of_symmetry, grunt_megastairs_2
Tar:3:    layout_grid_maze
Tar:4:    layout_grid_maze
Tar:5:    layout_catacombs
Tar:6:    layout_cathedral_of_symmetry
Tar:7:    tar_minmay_river
Zot:1:    layout_onion
Zot:2:    layout_onion
Zot:3:    hangedman_zot_vaults_quadrants, layout_onion_interference,
          skrybe_zot_glass_1
Zot:4:    layout_misc_corridors, grunt_ministairs_7, guppyfry_library_mini
Zot:5:    layout_concentric_octagons

Skill      XL: |  1  2  3  4  5  6  7  8  9 10 11 12 13 14 15 16 17 18 19 20 21 22 23 24 25 26 27 |
---------------+----------------------------------------------------------------------------------+-----
Maces & Flails | 4 5 6 7 9 12 13 14 16 | 16.0
Evocations     | 2 4 10 12 | 12.0
Fighting       | 6 11 14 15 17 19 20 23 | 23.8
Armour         | 5 9 10 11 14 15 18 20 | 20.0
Dodging        | 5 10 13 15 18 20 | 20.0
Throwing       | 4 |  4.0
Shields        | 4 9 11 14 15 | 15.0
Stealth        | 10 | 10.0
Invocations    | 14 | 14.0
Translocations | 5 |  5.0
Spellcasting   | 7 |  7.0
Charms         | 12 | 12.1
Conjurations   | 4 |  4.1
Air Magic      | 13 | 13.7

Action                   |  1- 3 |  4- 6 |  7- 9 | 10-12 | 13-15 | 16-18 | 19-21 | 22-24 | 25-27 || total
-------------------------+-------+-------+-------+-------+-------+-------+-------+-------+-------++-------
Melee: Mace              |    67 |   200 |       |       |       |       |       |       |       ||   267
       Whip              |       |   192 |   545 |  1112 |  2060 |  2226 |       |       |       ||  6135
       Constrict         |       |       |       |       |   348 |   346 |   296 |   264 |   601 ||  1855
       Unarmed           |       |       |       |       |       |    24 |       |       |       ||    24
       Eveningstar       |       |       |       |       |       |    58 |   903 |  1907 |  5079 ||  7947
       Demon whip        |       |       |       |       |       |       |   661 |    32 |       ||   693
 Fire: Hunting sling     |       |     6 |     2 |       |       |       |       |       |       ||     8
Throw: Javelin           |       |       |       |       |       |       |       |     1 |    14 ||    15
 Cast: Magic Dart        |       |       |       |       |       |       |       |       |     1 ||     1
       Blink             |       |       |       |       |       |       |       |       |     1 ||     1
Invok: Berserk           |     1 |     4 |     6 |    14 |    10 |     7 |     5 |    15 |    13 ||    75
       Trog's Hand       |       |     1 |     1 |     4 |     1 |       |     1 |       |     1 ||     9
       Brothers in Arms  |       |       |       |       |     1 |       |       |       |     3 ||     4
       Cleansing Flame   |       |       |       |       |       |       |       |       |    10 ||    10
       Summon Divine War |       |       |       |       |       |       |       |       |     2 ||     2
       Brand Weapon With |       |       |       |       |       |       |       |       |     1 ||     1
 Abil: Spit Poison       |     3 |     6 |     3 |     9 |    10 |    15 |     1 |     3 |       ||    50
       Evoke Invisibilit |       |       |       |       |       |       |       |     1 |       ||     1
Evoke: Wand              |       |       |       |     1 |       |     1 |       |       |       ||     2
       Box of beasts     |       |       |       |       |       |       |     1 |       |       ||     1
  Use: Scroll            |       |    13 |    11 |     8 |    19 |    11 |    12 |     8 |    34 ||   116
       Potion            |       |       |       |     3 |     3 |     9 |     3 |       |    25 ||    43
 Stab: Held in net/web   |       |       |       |       |       |     5 |       |       |       ||     5
       Sleeping          |       |       |       |       |       |       |     5 |    11 |       ||    16
       Distracted        |       |       |       |       |       |       |       |     5 |       ||     5
  Eat: Chunk             |     1 |    12 |     9 |    19 |    30 |    15 |    15 |    13 |    25 ||   139
       Ration            |       |       |     3 |     6 |     5 |     7 |     5 |     8 |    17 ||    51
Armor: Animal skin       |     7 |       |       |       |       |       |       |       |       ||     7
       Ring mail         |    14 |    15 |       |       |       |       |       |       |       ||    29
       Scale mail        |       |   202 |   236 |   315 |   614 |  1017 |       |       |       ||  2384
       Storm dragon scal |       |       |       |       |   172 |    56 |       |       |       ||   228
       Quicksilver drago |       |       |       |       |       |   185 |   480 |   591 |       ||  1256
       Acid dragon scale |       |       |       |       |       |       |       |   109 |  1044 ||  1153
       Plate armour      |       |       |       |       |       |       |       |       |  1250 ||  1250
Dodge: Dodged            |    35 |   186 |   194 |   384 |   856 |  1026 |   274 |   561 |  1988 ||  5504
       Deflected         |       |       |     2 |     7 |    46 |    72 |    39 |    46 |    76 ||   288
Block: Buckler           |       |       |       |       |   130 |   542 |       |       |       ||   672
       Shield            |       |       |       |       |       |   363 |   161 |       |       ||   524
       Large shield      |       |       |       |       |       |       |   831 |  1736 |  5105 ||  7672

Table legend:
 A = Non-vault XP
 B = Vault XP
 C = Vault XP percentage of total XP
 D = Non-vault monster count
 E = Vault monster count
 F = Vault count percentage of total count
                 A         B        C        D         E       F
            +---------+---------+-------+---------+---------+-------
      Total | 1193784 |  846990 |  41.5 |    2017 |    1107 |  35.4
            +---------+---------+-------+---------+---------+-------
        D:1 |      42 |       0 |   0.0 |      20 |       0 |   0.0
        D:2 |      22 |     108 |  83.1 |      13 |      11 |  45.8
        D:3 |     126 |     138 |  52.3 |      23 |      11 |  32.4
        D:4 |     352 |     322 |  47.8 |      22 |      15 |  40.5
        D:5 |     111 |       0 |   0.0 |      11 |       0 |   0.0
        D:6 |     564 |     643 |  53.3 |      12 |       3 |  20.0
        D:7 |    1207 |       0 |   0.0 |      27 |       0 |   0.0
        D:8 |    1698 |    2488 |  59.4 |      24 |      18 |  42.9
        D:9 |    1900 |    6235 |  76.6 |      20 |      18 |  47.4
       D:10 |    2472 |     981 |  28.4 |      16 |       1 |   5.9
       D:11 |    8504 |    7732 |  47.6 |      37 |      22 |  37.3
       D:12 |    5479 |     442 |   7.5 |      39 |       1 |   2.5
       D:13 |    4826 |     524 |   9.8 |      20 |       2 |   9.1
       D:14 |   10528 |       0 |   0.0 |      33 |       0 |   0.0
       D:15 |   13562 |    3083 |  18.5 |      38 |       4 |   9.5
     Lair:1 |    2222 |       0 |   0.0 |       7 |       0 |   0.0
     Lair:2 |    4615 |     784 |  14.5 |      14 |       2 |  12.5
     Lair:3 |   15616 |    3783 |  19.5 |      46 |       3 |   6.1
     Lair:4 |    2848 |    3631 |  56.0 |      15 |      29 |  65.9
     Lair:5 |    9461 |    5482 |  36.7 |      34 |      31 |  47.7
     Lair:6 |    5954 |    8205 |  57.9 |      23 |      36 |  61.0
   Shoals:1 |   14853 |     678 |   4.4 |      31 |       2 |   6.1
   Shoals:2 |   10431 |    4053 |  28.0 |      18 |       7 |  28.0
   Shoals:3 |    8219 |       0 |   0.0 |      17 |       0 |   0.0
   Shoals:4 |     978 |   17332 |  94.7 |       4 |      29 |  87.9
   Spider:1 |    9195 |    2421 |  20.8 |      20 |       3 |  13.0
   Spider:2 |   12656 |       0 |   0.0 |      37 |       0 |   0.0
   Spider:3 |   11170 |    2731 |  19.6 |      27 |      12 |  30.8
   Spider:4 |    8356 |   18100 |  68.4 |      25 |      31 |  55.4
    Slime:1 |    3444 |       0 |   0.0 |       4 |       0 |   0.0
    Slime:2 |   15772 |       0 |   0.0 |      17 |       0 |   0.0
    Slime:3 |    1738 |       0 |   0.0 |       1 |       0 |   0.0
    Slime:4 |    5354 |       0 |   0.0 |       6 |       0 |   0.0
    Slime:5 |   10545 |   27333 |  72.2 |      21 |      10 |  32.3
      Orc:1 |    5377 |       0 |   0.0 |      42 |       0 |   0.0
      Orc:2 |    3762 |    9546 |  71.7 |      36 |      35 |  49.3
      Elf:1 |   12708 |    5781 |  31.3 |      22 |       9 |  29.0
      Elf:2 |   17335 |   31539 |  64.5 |      28 |      32 |  53.3
      Elf:3 |   23307 |   60199 |  72.1 |      35 |      52 |  59.8
   Vaults:1 |   11534 |   18458 |  61.5 |      28 |      40 |  58.8
   Vaults:2 |   23355 |   10378 |  30.8 |      35 |      19 |  35.2
   Vaults:3 |   31261 |   24389 |  43.8 |      43 |      35 |  44.9
   Vaults:4 |   44584 |   67435 |  60.2 |      55 |      72 |  56.7
   Vaults:5 |   56568 |  111255 |  66.3 |      57 |      62 |  52.1
    Crypt:1 |   23789 |       0 |   0.0 |      38 |       0 |   0.0
    Crypt:2 |   37181 |     849 |   2.2 |      43 |       1 |   2.3
    Crypt:3 |   25033 |   66191 |  72.6 |      34 |      86 |  71.7
   Depths:1 |   54959 |   12574 |  18.6 |      72 |      13 |  15.3
   Depths:2 |   38645 |   14682 |  27.5 |      47 |      11 |  19.0
   Depths:3 |   63054 |   26357 |  29.5 |      64 |      26 |  28.9
   Depths:4 |   31052 |    5980 |  16.1 |      34 |       4 |  10.5
   Depths:5 |   25887 |   32835 |  55.9 |      34 |      23 |  40.4
       Hell |   35234 |   36122 |  50.6 |      43 |      53 |  55.2
      Tar:1 |   12931 |       0 |   0.0 |      20 |       0 |   0.0
      Tar:2 |   30505 |     131 |   0.4 |      29 |       1 |   3.3
      Tar:4 |   62304 |       0 |   0.0 |      75 |       0 |   0.0
      Tar:5 |    2925 |       0 |   0.0 |       6 |       0 |   0.0
      Tar:6 |   10580 |       0 |   0.0 |      14 |       0 |   0.0
      Tar:7 |    2637 |     787 |  23.0 |       3 |       1 |  25.0
      Zot:1 |   29159 |       0 |   0.0 |      17 |       0 |   0.0
      Zot:2 |   39234 |   19250 |  32.9 |      20 |       6 |  23.1
      Zot:3 |   27946 |   36791 |  56.8 |      19 |      23 |  54.8
      Zot:4 |   50249 |   25461 |  33.6 |      29 |      11 |  27.5
      Zot:5 |   23751 |   59335 |  71.4 |      18 |      13 |  41.9
    Abyss:1 |   16236 |       0 |   0.0 |      40 |       0 |   0.0
    Abyss:2 |   36187 |       0 |   0.0 |      97 |       0 |   0.0
    Abyss:3 |   22390 |       0 |   0.0 |      35 |       0 |   0.0
    Abyss:4 |   41785 |       0 |   0.0 |      62 |       0 |   0.0
    Abyss:5 |   15520 |       0 |   0.0 |      21 |       0 |   0.0
      Sewer |       0 |     348 | 100.0 |       0 |      48 | 100.0
    Ossuary |       0 |     150 | 100.0 |       0 |      16 | 100.0
     Bailey |       0 |    1319 | 100.0 |       0 |      18 | 100.0
 Desolation |       0 |   51619 | 100.0 |       0 |      96 | 100.0
            +---------+---------+-------+---------+---------+-------
